 Dungeon Crawl Stone Soup version 0.30-a0-347-gf58ed5266c (webtiles) character file.

Game seed: 17581631355363254040

116067 MarcoDev the Convoker (level 16, -14/76 HPs)
             Began as a Deep Elf Summoner on Nov 5, 2022.
             Was a High Priest of Vehumet.
             Killed from afar by a fire giant (31 damage)
             ... with a fireball
             ... on level 15 of the Dungeon.
             The game lasted 03:20:50 (32626 turns).

MarcoDev the Convoker (Deep Elf Summoner)          Turns: 32626, Time: 03:20:53

Health: -14/76     AC: 12    Str:  8    XL:     16   Next: 20%
Magic:  32/38      EV: 29    Int: 27    God:    Vehumet [*****.]
Gold:   302        SH:  0    Dex: 17    Spells: 2/47 levels left

rFire   . . .      SeeInvis +    P - +4 rapier (protect)
rCold   . . .      Faith    .    (no shield)
rNeg    . . .      Spirit   .    O - +2 steam dragon scales
rPois   +          Reflect  .    C - +0 helmet {SInv}
rElec   +          Harm     .    a - +1 cloak of Starlight {*Dazzle EV+4 Stlth--}
rCorr   .          Rampage  .    z - +0 pair of gloves
Will    +....                    t - +0 pair of boots
Stlth   +++.......               N - amulet of regeneration
HPRegen 1.12/turn                E - ring of poison resistance
MPRegen 0.26/turn                v - ring of Osuw {rElec EV+4 Str+3}

@: no status effects
A: no striking features
a: Renounce Religion


You were on level 15 of the Dungeon.
You worshipped Vehumet.
Vehumet was extremely pleased with you.
You visited 4 branches of the dungeon, and saw 24 of its levels.
You also visited: Gauntlet.

You collected 2155 gold pieces.
You spent 1853 gold pieces at shops.

Inventory:

Hand Weapons
 h - a +3 dagger of venom
 n - a +1 vampiric short sword
 y - a +0 sling
 P - a +4 rapier of protection (weapon)
Missiles
 d - 3 throwing nets
 e - 231 stones
Armour
 a - the +1 cloak of Starlight (worn) {*Dazzle EV+4 Stlth--}
   (You bought it in a shop on level 1 of the Snake Pit)

   It may blind those who miss an attack against the wearer in melee combat.
   EV:        It affects your evasion (+4).
   Stlth:     It makes you much less stealthy.
 t - a +0 pair of boots (worn)
 z - a +0 pair of gloves (worn)
 C - a +0 helmet of see invisible (worn)
 O - +2 steam dragon scales (worn)
 R - +0 acid dragon scales
Jewellery
 g - a ring of protection from cold
 k - a ring of wizardry
 l - an amulet of the acrobat
 u - a ring of flight
 v - the ring of Osuw (right hand) {rElec EV+4 Str+3}
   (You found it on level 3 of the Dungeon)

   [ring of evasion]

   EV:        It affects your evasion (+4).
   Str:       It affects your strength (+3).
   rElec:     It insulates you from electricity.
 w - a ring of protection from fire
 x - a ring of magical power
 E - a ring of poison resistance (left hand)
 N - an amulet of regeneration (around neck)
 S - an amulet of guardian spirit
 T - a ring of positive energy
Wands
 i - a wand of flame (15)
 p - a wand of polymorph (7)
 q - a wand of quicksilver (17)
 D - a wand of mindburst (13)
 F - a wand of charming (6)
 G - a wand of digging (5)
 M - a wand of iceblast (20)
Scrolls
 r - 11 scrolls of teleportation
 s - 3 scrolls of magic mapping
 I - 3 scrolls of fog
 J - a scroll of silence
 K - a scroll of enchant weapon
 L - 3 scrolls of fear
 Q - 5 scrolls of identify
Potions
 b - a potion of magic
 f - 7 potions of curing
 j - 6 potions of brilliance
 m - 9 potions of flight
 o - 2 potions of berserk rage
 A - 7 potions of might
 H - 4 potions of haste
Miscellaneous
 c - a tin of tremorstones (2/2)


   Skills:
 + Level 8.9 Short Blades
 - Level 10.6 Ranged Weapons
 + Level 14.6 Dodging
 + Level 13.2 Stealth
 + Level 16.1 Spellcasting
 * Level 16.3 Summonings
 - Level 10.7 Fire Magic
 - Level 8.1 Poison Magic


You had 2 spell levels left.
You knew the following spells:

 Your Spells              Type           Power      Damage    Failure   Level
a - Summon Small Mammal   Summ           100%       N/A       0%          1
b - Call Imp              Summ           83%        N/A       0%          2
c - Call Canine Familiar  Summ           83%        N/A       0%          3
d - Summon Guardian Gole  Hex/Summ       60%        N/A       1%          3
e - Summon Lightning Spi  Summ/Air       60%        N/A       1%          4
f - Poisonous Vapours     Pois/Air       86%        N/A       1%          2
g - Ignite Poison         Fire/Tmut/Pois 54%        N/A       1%          3
h - Inner Flame           Hex/Fire       50%        N/A       1%          3
i - Eringya's Noxious Bo  Tmut/Pois      21%        N/A       17%         6
j - Summon Cactus Giant   Summ           41%        N/A       1%          6
k - Monstrous Menagerie   Summ           41%        N/A       2%          7
l - Summon Forest         Summ/Tloc      30%        N/A       2%          5

Your spell library contained the following spells:

 Spells                   Type           Power      Damage    Failure   Level
 Lightning Bolt           Conj/Air       10%        1d23      17%         5
 Magic Dart               Conj           84%        1d7       1%          1
 Shock                    Conj/Air       84%        1d8       1%          1
 Cigotuvi's Dreadful Rot  Necr/Pois/Air  72%        N/A       1%          2
 Searing Ray              Conj           42%        2d6       1%          2
 Beastly Appendage        Tmut           42%        N/A       2%          1
 Slow                     Hex            84%        N/A       2%          1
 Wereblood                Tmut           21%        N/A       3%          2
 Dazzling Flash           Conj/Hex       42%        N/A       1%          3
 Mephitic Cloud           Conj/Pois/Air  36%        N/A       1%          3
 Spider Form              Tmut/Pois      43%        N/A       1%          3
 Sticky Flame             Conj/Fire      50%        2d7       1%          4
 Summon Ice Beast         Ice/Summ       60%        N/A       1%          4
 Fireball                 Conj/Fire      25%        3d11      1%          5
 Summon Mana Viper        Hex/Summ       60%        N/A       2%          5
 Airstrike                Air            10%        2d(2-18)  6%          4
 Fulminant Prism          Conj/Hex       10%        3d8       6%          4
 Confusing Touch          Hex            21%        N/A       7%          3
 Gell's Gravitas          Tloc           21%        N/A       7%          3
 Swiftness                Air            21%        N/A       7%          3
 Teleport Other           Tloc           21%        N/A       7%          3
 Vampiric Draining        Necr           21%        2d7       7%          3
 Alistair's Intoxication  Tmut/Pois      28%        N/A       12%         5
 Iskenderun's Battlesphe  Conj           21%        2d7       17%         5
 Yara's Violent Unravell  Hex/Tmut       10%        3d6       17%         5
 Spellforged Servitor     Conj/Summ      30%        N/A       17%         7
 Petrify                  Tmut/Erth      21%        N/A       22%         4
 Ignition                 Fire           34%        3d10      41%         8
 Agony                    Necr           21%        N/A       54%         5
 Borgnjor's Vile Clutch   Necr/Erth      10%        N/A       54%         5
 Metabolic Englaciation   Hex/Ice        10%        N/A       54%         5
 Silence                  Hex/Air        10%        N/A       54%         5
 Conjure Ball Lightning   Conj/Air       10%        3x3d7     63%         6
 Dispersal                Tloc           10%        N/A       98%         6
 Statue Form              Tmut/Erth      14%        N/A       98%         6
 Orb of Destruction       Conj           10%        9d6       98%         7
 Enfeeble                 Hex            10%        N/A       100%        7
 Storm Form               Tmut/Air       10%        N/A       100%        7
 Maxwell's Capacitive Co  Air            10%        ∞         100%        8


Dungeon Overview and Level Annotations

Branches:
Dungeon (15/15)            Temple (0/1) D:7            Lair (5/5) D:9
 Shoals (0/4) Lair:2        Snake (2/4) Lair:2        Slime (0/5) Lair:5
    Orc (2/2) D:11            Elf (0/3) Orc:2        Vaults (0/5) D:13
 Depths (0/4) D:15        Gauntlet (visited)

Altars:
Elyvilon
Fedhas
Okawaru
Qazlal
Ru
Uskayaw
Vehumet
Wu Jian
Zin
Jiyva

Shops:
D:4 =   Orc:1 *   Orc:2 :[*!!   Snake:1 ![*

Annotations:
Snake:1 5 transporters


Message History

The manticore dies!
Vehumet accepts your kill.
Your sphinx disappears in a puff of smoke!
There is a large open door here.
A fire giant comes into view.
It is wielding a +1 great sword of flaming.
Found 37 gold pieces and a robe.
The fire giant shouts!
The fire giant gestures at you while chanting.
The fireball explodes!
The fireball engulfs you!!!
Ouch! That really hurt!
* * * LOW HITPOINT WARNING * * *
You hear an angry buzzing noise.
As you read the scroll of fog, it crumbles to dust.
The scroll dissolves into smoke.
Okay, then.
You feel much better.
As you read the scroll of fear, it crumbles to dust.
You assume a fearsome visage.
The fire giant easily resists.
The fire giant hits you with a +1 great sword of flaming!
The fire giant burns you.
A yaktaur captain comes into view.
Casting: Monstrous Menagerie (dangerous; 2% risk of failure)
Confirm with . or Enter, or press ? or * to list all spells.
You summon a manticore!
The yaktaur captain shouts!
The fire giant completely misses you.
The fire giant points at you and mumbles some strange words.
The bolt of fire hits you!!
* * * LOW HITPOINT WARNING * * *
You feel better.
The fire giant hits your manticore with a +1 great sword of flaming!!
The fire giant burns your manticore.
Your manticore bites the fire giant.
Your manticore barely misses the fire giant. x2
The yaktaur captain wields a +0 arbalest.
The yaktaur captain shoots a bolt.
The bolt hits your manticore!!!
Your manticore dies!
Your manticore's corpse disappears in a puff of smoke!
The fire giant casts a spell at you.
The fireball explodes!
The fireball engulfs you!!
You die...

........... ##..
...........# $[$.
...........# ...
.......?... $.#
.........## #..##
.........####++#####§...#
.........##...§§§§C§§..#.
.........##...§§§§c§§...#
.........##..###@###§#!##
#######.###.†##§#§###.##
#.# #.............
#.###..............
#..####''###########
##.####..# #.......#
#########


You could see a fire giant and a yaktaur captain.

Vanquished Creatures
  An anaconda (Snake:1)
  A vault guard (D:13)
  A centaur warrior (D:13)
  3 orc high priests (Orc:2)
  A skeletal warrior (D:13)
  A deep elf archer (D:14)
  A deep elf pyromancer (D:12)
  2 nameless horrors
  A cane toad (Lair:3)
  A tengu conjurer (D:13)
  A freezing wraith (D:15)
  A troll (Orc:1)
  Prince Ribbit (D:8)
  2 blink frogs
  7 yaks
  2 humans (D:13)
  2 vampire mosquitoes
  A warg (D:11)
  An acid dragon (D:12)
  3 water moccasins
  6 orc warriors (Orc:2)
  2 wolves
  3 centaurs (D:14)
  6 orc priests
  3 orc wizards
  2 adders
  12 orcs
  2 ball pythons (D:2)
  8 giant cockroaches
  2 goblins
  A hobgoblin (D:2)
  2 jackals (D:1)
  5 kobolds
  4 quokkas
  3 bats
  2 frilled lizards (D:2)
  3 rats
  A bush (D:4)
101 creatures vanquished.

Vanquished Creatures (collateral kills)
  Aizul (Snake:1)
  A stone giant (D:15)
  An ettin (Orc:2)
  2 vault guards (D:13)
  2 hydras
  Erolcha (Orc:2)
  3 catoblepae (Lair:5)
  5 centaur warriors
  8 boulder beetles
  A two-headed ogre (D:12)
  A naga warrior (Snake:1)
  7 death yaks
  2 tengu warriors (D:15)
  2 orc high priests (Orc:2)
  A naga sharpshooter (Snake:1)
  A shock serpent (Snake:1)
  A deep elf knight (D:14)
  5 skeletal warriors
  A lindwurm (Lair:5)
  Pikel (D:9)
  A mana viper (Snake:1)
  8 orc knights
  7 manticores
  An orc sorcerer (Orc:1)
  14 ugly things
  10 cyclopes
  A salamander (Snake:2)
  The ghost of RatherSlowDeath the Cudgeller, a novice OgGl (D:6)
  8 black mambas
  A guardian serpent (shapeshifter) (D:15)
  2 guardian serpents (Snake:1)
  A merfolk siren (Lair:2)
  5 elephants
  3 naga magi (Snake:1)
  A gargoyle (D:14)
  8 cane toads
  2 torpor snails
  2 rime drakes (Lair:3)
  3 kobold demonologists
  A tengu conjurer (D:10)
  7 komodo dragons
  2 polar bears
  A queen bee (Gauntlet)
  5 trolls
  A hornet (D:9)
  Grinder (D:3)
  14 slime creatures
  27 blink frogs
  Sigmund (D:4)
  5 humans (D:13)
  A wyvern (Lair:5)
  46 yaks
  6 basilisks
  Grum (D:8)
  14 vampire mosquitoes
  3 steam dragons
  2 wargs
  8 nagas
  Menkaure (D:5)
  2 acid dragons (D:12)
  3 nameless horrors
  3 ice beasts
  30 orc warriors
  8 water moccasins
  2 sky beasts (D:7)
  2 black bears
  11 ogres
  4 boggarts (D:14)
  9 wolves
  A lemure (D:9)
  2 centaurs
  2 kobold brigands (D:10)
  4 bullfrogs
  2 necrophages
  A scorpion (Lair:1)
  2 wights (D:7)
  4 killer bees (Gauntlet)
  6 howler monkeys
  7 jellies
  A gnoll bouda (D:8)
  5 hounds
  Crazy Yiuf (D:4)
  26 orc priests
  4 iguanas
  Ijyb (D:5)
  13 orc wizards
  4 hell rats (Lair:4)
  Robin (D:4)
  8 gnolls
  8 adders
  4 shadow imps
  2 white imps
  2 ufetubi (D:5)
  2 worms
  3 dart slugs
  67 orcs
  2 ball pythons
  2 endoplasms
  3 giant cockroaches
  10 goblins
  9 hobgoblins
  A jackal (D:1)
  3 kobolds
  3 quokkas
  2 bats
  2 frilled lizards
  A rat (D:3)
568 creatures vanquished.

Vanquished Creatures (others)
  Rupert (Lair:3)
  The ghost of Rayvis the Severer, a journeyman MiFi of Makhleb (Lair:3)
  An orc warlord (Orc:1)
  A minotaur (Gauntlet)
  A vault guard (D:13)
  A hydra (D:13)
  2 naga warriors (Snake:1)
  Urug (Lair:1)
  4 death yaks
  A skeletal warrior (D:11)
  An orc knight (Orc:1)
  A deep elf pyromancer (D:8)
  4 manticores
  A black mamba (Snake:1)
  A cyclops (D:11)
  2 elephants (Lair:3)
  A naga mage (Snake:1)
  2 cane toads
  A gargoyle (D:11)
  2 trolls (D:11)
  A polar bear (Lair:1)
  A human (D:13)
  19 yaks
  A warg (D:14)
  2 nagas
  3 water moccasins
  3 orc warriors
  A centaur (D:8)
  2 wolves (Lair:2)
  3 wights
  A jelly (D:8)
  An orc wizard (Orc:1)
  A shadow imp (Gauntlet)
  An orc (Orc:1)
  29 fungi
  23 plants
122 creatures vanquished.

Grand Total: 791 creatures vanquished

Notes
Turn   | Place    | Note
-------+----------+-------------------------------------------
     0 | D:1      | MarcoDev the Deep Elf Summoner began the quest for the Orb.
     0 | D:1      | Reached XP level 1. HP: 10/10 MP: 6/6
   133 | D:1      | Reached XP level 2. HP: 15/15 MP: 6/8
   230 | D:1      | Found a faded altar of an unknown god.
   835 | D:1      | Reached skill level 5 in Summonings
   835 | D:1      | Reached XP level 3. HP: 8/19 MP: 8/10
  1007 | D:2      | Learned a level 2 spell: Call Imp
  1011 | D:2      | Learned a level 3 spell: Call Canine Familiar
  1043 | D:2      | Reached XP level 4. HP: 15/24 MP: 6/12
  1950 | D:3      | Reached XP level 5. HP: 28/28 MP: 7/13
  2031 | D:3      | Noticed Grinder
  2137 | D:3      | Killed Grinder
  2138 | D:3      | Reached skill level 5 in Spellcasting
  2138 | D:3      | Reached XP level 6. HP: 32/32 MP: 1/15
  2279 | D:3      | Found a radiant altar of Vehumet.
  2287 | D:3      | Became a worshipper of Vehumet
  2305 | D:3      | Learned a level 3 spell: Summon Guardian Golem
  2310 | D:3      | Learned a level 4 spell: Summon Lightning Spire
  2439 | D:3      | Found a blossoming altar of Fedhas.
  2502 | D:3      | Identified the ring of Osuw {rElec EV+4 Str+3}
  2708 | D:4      | Reached skill level 5 in Stealth
  2770 | D:4      | Noticed Sigmund
  2785 | D:4      | Killed Sigmund
  2786 | D:4      | Reached XP level 7. HP: 36/36 MP: 15/17
  2896 | D:4      | Found Zaorust's Jewellery Shop.
  2988 | D:4      | Noticed Robin
  2995 | D:4      | Killed Robin
  3058 | D:4      | Found a stormy altar of Qazlal.
  3068 | D:4      | Reached * piety under Vehumet
  3068 | D:4      | Offered knowledge of Magic Dart by Vehumet.
  3543 | D:4      | Found a runed translucent door.
  3544 | D:4      | Noticed Crazy Yiuf
  3556 | D:4      | Killed Crazy Yiuf
  3604 | D:5      | Entered Level 5 of the Dungeon
  3751 | D:5      | Found a white marble altar of Elyvilon.
  3914 | D:5      | Found a sacrificial altar of Ru.
  3977 | D:5      | Noticed Menkaure
  3992 | D:5      | Killed Menkaure
  3993 | D:5      | Reached XP level 8. HP: 23/41 MP: 8/20
  4086 | D:5      | Noticed Ijyb
  4108 | D:5      | Killed Ijyb
  4779 | D:6      | Found a large runed translucent door.
  4780 | D:6      | Found a large runed translucent door.
  4782 | D:6      | Noticed RatherSlowDeath's ghost (novice OgGl)
  5007 | D:6      | Found an iron altar of Okawaru.
  5159 | D:6      | Reached ** piety under Vehumet
  5160 | D:6      | Reached skill level 1 in Ranged Weapons
  5214 | D:6      | Offered knowledge of Poisonous Vapours by Vehumet.
  5310 | D:6      | Learned a level 2 spell: Poisonous Vapours
  5314 | D:6      | Learned a level 3 spell: Ignite Poison
  5561 | D:6      | Killed RatherSlowDeath's ghost
  5562 | D:6      | Reached XP level 9. HP: 45/45 MP: 13/23
  6045 | D:7      | Found a staircase to the Ecumenical Temple.
  6889 | D:7      | Offered knowledge of Stone Arrow by Vehumet.
  7026 | D:8      | Noticed Prince Ribbit
  7037 | D:8      | Killed Prince Ribbit
  7038 | D:8      | Reached skill level 5 in Poison Magic
  7284 | D:8      | Noticed Grum
  7304 | D:8      | Killed Grum
  7305 | D:8      | Reached skill level 1 in Fire Magic
  7328 | D:8      | Reached skill level 5 in Ranged Weapons
  7329 | D:8      | Reached *** piety under Vehumet
  7498 | D:8      | Noticed a manticore
  7502 | D:8      | Noticed a deep elf pyromancer
  7519 | D:8      | Killed a deep elf pyromancer
  7520 | D:8      | Reached XP level 10. HP: 50/50 MP: 10/25
  7597 | D:8      | Killed a manticore
  7598 | D:8      | Reached skill level 10 in Spellcasting
  7864 | D:8      | Reached skill level 5 in Fire Magic
  7911 | D:8      | Noticed a manticore
  7920 | D:8      | Killed a manticore
  7921 | D:8      | Reached skill level 10 in Stealth
  8122 | D:8      | Found a hide-covered altar of Uskayaw.
  8124 | D:8      | Noticed a +0 hand axe
  8125 | D:8      | Noticed a +0 hand axe
  8549 | D:9      | Noticed Pikel
  8564 | D:9      | Killed Pikel
  8701 | D:9      | Offered knowledge of Inner Flame by Vehumet.
  8707 | D:9      | Learned a level 3 spell: Inner Flame
  8714 | D:9      | Learned a level 6 spell: Eringya's Noxious Bog
  8857 | D:9      | Found a glowing silver altar of Zin.
  8955 | D:9      | Noticed a death yak
  8955 | D:9      | Noticed a death yak
  8960 | D:9      | Noticed a death yak
  9020 | D:8      | Killed a death yak
  9021 | D:8      | Reached skill level 10 in Summonings
  9021 | D:8      | Reached XP level 11. HP: 54/54 MP: 4/27
  9194 | D:9      | Found a staircase to the Lair.
  9200 | D:9      | Killed a death yak
  9215 | D:9      | Killed a death yak
  9930 | D:10     | Entered Level 10 of the Dungeon
 10001 | D:10     | Noticed a purple ugly thing
 10023 | D:10     | Killed a purple ugly thing
 10024 | D:10     | Reached skill level 5 in Dodging
 10557 | D:10     | Reached **** piety under Vehumet
 10666 | D:10     | Offered knowledge of Freezing Cloud by Vehumet.
 11125 | D:11     | Found a staircase to the Orcish Mines.
 11749 | D:11     | Reached XP level 12. HP: 59/59 MP: 28/29
 12370 | Orc:1    | Entered Level 1 of the Orcish Mines
 12380 | Orc:1    | Found an ornate altar of the Wu Jian Council.
 12380 | Orc:1    | Found a transporter.
 12480 | Lair:1   | Entered Level 1 of the Lair of Beasts
 12536 | Lair:1   | Learned a level 6 spell: Summon Cactus Giant
 12996 | Lair:1   | Noticed Urug
 13003 | Lair:1   | Killed Urug
 13003 | Lair:1   | Reached ***** piety under Vehumet
 13020 | Lair:1   | Offered knowledge of Yara's Violent Unravelling by Vehumet.
 13258 | Lair:1   | Reached skill level 10 in Ranged Weapons
 14023 | Lair:2   | Noticed a boulder beetle
 14034 | Lair:2   | Found a staircase to the Shoals.
 14087 | Lair:2   | Killed a boulder beetle
 14088 | Lair:2   | Reached skill level 10 in Dodging
 14088 | Lair:2   | Reached XP level 13. HP: 41/63 MP: 2/31
 14378 | Lair:2   | Found a staircase to the Snake Pit.
 15100 | Lair:3   | Found a runed translucent door.
 15104 | Lair:3   | Noticed Rayvis's ghost (journeyman MiFi)
 15361 | Lair:3   | Reached skill level 1 in Short Blades
 15467 | Lair:3   | Offered knowledge of Irradiate by Vehumet.
 15498 | Lair:3   | Noticed Rupert
 15753 | Lair:3   | Killed Rupert
 16223 | Lair:3   | Killed Rayvis's ghost
 16571 | Lair:4   | Found a gate leading to a gauntlet.
 16592 | Gauntlet | Entered a Gauntlet
 16592 | Gauntlet | Found a transporter.
 16592 | Gauntlet | Found a transporter.
 16592 | Gauntlet | Found a runed translucent door.
 16594 | Gauntlet | Found a transporter.
 16594 | Gauntlet | Found a transporter.
 16597 | Gauntlet | Found a runed translucent door.
 16674 | Gauntlet | Found a transporter.
 16674 | Gauntlet | Found a transporter.
 16676 | Gauntlet | Found a transporter.
 16676 | Gauntlet | Found a transporter.
 16693 | Gauntlet | Found a transporter.
 16704 | Gauntlet | Found a transporter.
 16713 | Gauntlet | Found a runed translucent door.
 16714 | Gauntlet | Found a transporter.
 16715 | Gauntlet | Found a runed translucent door.
 16728 | Gauntlet | Found a transporter.
 16748 | Gauntlet | Found a transporter.
 16761 | Gauntlet | Found a transporter.
 17024 | Gauntlet | Reached skill level 10 in Fire Magic
 17126 | Gauntlet | Identified the +2 scale mail "Rentilauv" {rCorr}
 17126 | Gauntlet | Noticed a minotaur
 17138 | Gauntlet | Killed a minotaur
 17248 | Gauntlet | Identified the +4 short sword of Contradiction {protect,
                  | Contam Will++ MP-9 Str+8}
 18186 | Lair:5   | Entered Level 5 of the Lair of Beasts
 18587 | Lair:5   | Reached XP level 14. HP: 68/68 MP: 30/33
 18684 | Lair:5   | Reached skill level 5 in Short Blades
 19130 | Lair:5   | Offered knowledge of Starburst by Vehumet.
 19281 | Lair:5   | Found a staircase to the Slime Pits.
 19282 | Lair:5   | Found a viscous altar of Jiyva.
 19879 | Lair:5   | Found the +10 Black Knight's barding {ponderous, rPois rN+}
 20106 | Lair:5   | Learned a level 7 spell: Monstrous Menagerie
 20392 | Snake:1  | Entered Level 1 of the Snake Pit
 20787 | Snake:1  | Found a transporter.
 20807 | Snake:1  | Found a transporter.
 20807 | Snake:1  | Found a transporter.
 20817 | Snake:1  | Noticed Aizul
 20839 | Snake:1  | Killed Aizul
 20979 | Snake:1  | Found a transporter.
 21031 | Snake:1  | Found Roipnos's Distillery.
 21033 | Snake:1  | Found Opiet's Assorted Antiques.
 21033 | Snake:1  | Found Roopnoh's Antique Armour Shoppe.
 21038 | Snake:1  | Found Joubu's Antique Armour Emporium.
 21058 | Snake:1  | Bought the +1 cloak of Starlight {*Dazzle EV+4 Stlth--} for
                  | 1037 gold pieces
 21058 | Snake:1  | Found the +1 cloak of Starlight {*Dazzle EV+4 Stlth--}
 21206 | Snake:1  | Found a transporter.
 22449 | Orc:1    | Found a transporter.
 22488 | Orc:1    | Found a transporter.
 22507 | Orc:1    | Found a transporter.
 22560 | Orc:1    | Found an ornate altar of the Wu Jian Council.
 22560 | Orc:1    | Noticed an orc warlord
 22832 | Orc:1    | Found Xyiwn's Assorted Antiques.
 23112 | Orc:1    | Killed an orc warlord
 23675 | Orc:2    | Entered Level 2 of the Orcish Mines
 23870 | Orc:2    | Offered knowledge of Ozocubu's Refrigeration by Vehumet.
 23893 | Orc:2    | Noticed Erolcha
 23911 | Orc:2    | Killed Erolcha
 24359 | Orc:2    | Found Rentoidy's Distillery.
 24369 | Orc:2    | Reached XP level 15. HP: 72/72 MP: 18/35
 24443 | Orc:2    | Bought a potion of curing for 33 gold pieces
 24443 | Orc:2    | Bought a potion of curing for 33 gold pieces
 24745 | Orc:2    | Found a staircase to the Elven Halls.
 25409 | Orc:2    | Reached skill level 15 in Spellcasting
 25513 | Orc:2    | Reached ****** piety under Vehumet
 25634 | Orc:2    | Offered knowledge of Iron Shot by Vehumet.
 25889 | Orc:2    | Found Yxyxkyupp's Distillery.
 25889 | Orc:2    | Found Etzunoez's Book Shoppe.
 25890 | Orc:2    | Found Xilyacs's General Store.
 25890 | Orc:2    | Found Qemix's Antique Armour Emporium.
 25907 | Orc:2    | Bought a book of Dangerous Friends for 680 gold pieces
 25910 | Orc:2    | Bought a potion of heal wounds for 70 gold pieces
 26396 | D:12     | Found an ornate altar of the Wu Jian Council.
 26923 | D:12     | Reached skill level 15 in Summonings
 28442 | D:13     | Identified the +1 ring mail "Qumaf" {Contam Harm rPois
                  | Dex-2}
 29262 | D:13     | Found a gate to the Vaults.
 30119 | D:14     | Reached XP level 16. HP: 76/76 MP: 1/37
 30721 | D:14     | Learned a level 5 spell: Summon Forest
 31543 | D:15     | Entered Level 15 of the Dungeon
 32105 | D:15     | Found a staircase to the Depths.
 32118 | D:15     | Offered knowledge of Lightning Bolt by Vehumet.
 32626 | D:15     | Killed from afar by a fire giant

Illustrated notes

Levels and vault maps discovered:
D:1:      shiori_arrival_elements, layout_basic,
          dreamdust_ecumenical_altar_grove, minmay_worlds_worst_comb
D:2:      layout_rooms, minmay_splitting_lines, kennysheep_generic_room_3
D:3:      layout_basic, mainiacjoe_overflow_surrounded_room,
          mainiacjoe_overflow_concentric_impassable,
          chequers_serial_rivers_large_a, minmay_misc_feat_tower, uniq_grinder
D:4:      layout_cave_pools, grunt_qazlal_sundering, serial_shops, shop_statue,
          uniq_robin, uniq_crazy_yiuf_cottage, uniq_sigmund
D:5:      layout_gridville, nicolae_ru_sacrificial_ziggurat,
          nicolae_elyvilon_peaceful_grove, hangedman_minor_gate_pass, uniq_ijyb,
          uniq_menkaure
D:6:      layout_loops_ring, overflow_temple_1_default,
          ebering_ghost_disaster_area
D:7:      layout_basic, lemuel_temple_firewalk_b
D:8:      minmay_bloctagon, layout_loops_corners, dancing_weapons_uskayaw,
          uniq_prince_ribbit1, uniq_grum
D:9:      layout_irregular_city, mainiacjoe_overflow_24_doors,
          dpeg_lair_monsters, uniq_pikel
D:10:     layout_roguey, serial_aquarium, aquarium_bridge_island_large
          [aquarium_subvault_large_water, aquarium_subvault_wall,
          aquarium_subvault_wall, aquarium_subvault_bridge,
          aquarium_subvault_wall], aquarium_window_corridor_2,
          aquarium_window_1, aquarium_window_2, aquarium_window_fake,
          aquarium_view_2c, aquarium_view_2e, kb_rosetta
D:11:     layout_basic, orc_0_dummy
D:12:     minmay_box_of_statues, layout_stronghold, nicolae_wu_jian_wuxing_cycle
D:13:     layout_cave_pods, ximxim_vaults_locker_room, minivault_23,
          kennysheep_cross_bottleneck, chequers_avenue
D:14:     layout_long_grid, beargit_elvish_explorers
D:15:     grunt_enter_depths_snipers, layout_long_grid, minivault_23,
          hangedman_corner_corridor
Lair:1:   layout_hall_layers, grunt_megastairs_2, uniq_urug
Lair:2:   beast_lair_carwin_large_2, layout_cave_shapes,
          minmay_shoals_entry_lonely_mermaid, guppyfry_snake_entry_garden
Lair:3:   layout_hall_layers, ebering_ghost_reflecting_pool,
          portal_ice_cave_rime, uniq_rupert
Lair:4:   layout_loops_ring, gauntlet_entry_generic
Lair:5:   evilmike_catoblepas_cave, layout_regular_city,
          minmay_slime_entry_pillars, nicolae_quartered_pool_super
Snake:1:  gammafunk_the_bubble [the_bubble_gammafunk_roulette],
          layout_layer_cave, minmay_shoptagon, uniq_aizul
Snake:2:  nicolae_cobra_stairs, layout_cave_shapes, uniq_roxanne, uniq_jorgrun
Orc:1:    dreamdust_wu_jian_sword_trials, layout_caves, serial_shops,
          shop_fountains, minmay_orc_temple_b
Orc:2:    st_orc_pillars, layout_caves, serial_shops, shop, uniq_erolcha

Skill      XL: |  1  2  3  4  5  6  7  8  9 10 11 12 13 14 15 16 |
---------------+-------------------------------------------------+-----
Stealth        | 3 4 5 6 8 9 10 11 12 13 | 13.2
Summonings     | 5 6 7 8 9 10 11 12 14 16 | 16.3
Spellcasting   | 4 5 6 8 9 10 11 12 13 14 15 16 | 16.1
Ranged Weapons | 2 5 7 9 10 | 10.6
Poison Magic   | 2 5 7 8 |  8.1
Fire Magic     | 3 6 8 10 | 10.7
Dodging        | 3 7 10 11 13 14 | 14.6
Short Blades   | 4 7 8 |  8.9

Action                   |  1- 3 |  4- 6 |  7- 9 | 10-12 | 13-15 | 16-18 || total
-------------------------+-------+-------+-------+-------+-------+-------++-------
Melee: Unarmed           |     6 |       |       |       |       |       ||     6
       Dagger            |    42 |    38 |   193 |       |       |       ||   273
       Punch             |       |       |     5 |       |     5 |       ||    10
       Rapier            |       |       |       |    15 |   145 |    14 ||   174
 Fire: Sling             |       |       |    57 |    11 |       |       ||    68
 Cast: Summon Small Mamm |    13 |     3 |    18 |    20 |    18 |     5 ||    77
       Call Canine Famil |     2 |    16 |    34 |    59 |    85 |     5 ||   201
       Call Imp          |     1 |     6 |    18 |    36 |    41 |     3 ||   105
       Summon Guardian G |       |     2 |    17 |    67 |    62 |     4 ||   152
       Summon Lightning  |       |     1 |    16 |    48 |    65 |     9 ||   139
       Poisonous Vapours |       |       |     3 |     2 |     8 |       ||    13
       Ignite Poison     |       |       |     2 |       |       |       ||     2
       Inner Flame       |       |       |       |     6 |    22 |     2 ||    30
       Summon Cactus Gia |       |       |       |    15 |   140 |     1 ||   156
       Monstrous Menager |       |       |       |       |    66 |    34 ||   100
       Summon Forest     |       |       |       |       |       |     1 ||     1
Evoke: Wand              |       |       |       |     2 |    18 |     1 ||    21
  Use: Scroll            |       |     2 |     2 |    12 |    20 |     2 ||    38
       Potion            |       |       |     1 |     4 |     6 |     3 ||    14
 Stab: Sleeping          |     7 |     4 |       |       |       |       ||    11
       Distracted        |       |       |       |     1 |     4 |     2 ||     7
       Invisible         |       |       |       |       |     3 |       ||     3
       Fleeing           |       |       |       |       |     1 |       ||     1
Armor: Robe              |    16 |    12 |     9 |       |       |       ||    37
       Troll leather arm |       |       |       |     1 |       |       ||     1
       Steam dragon scal |       |       |       |    25 |    48 |     1 ||    74
Dodge: Dodged            |    35 |    33 |    25 |   102 |   352 |    29 ||   576

Table legend: (Time is in decaauts)
 A = Elapsed time spent in this place.
 B = Non-inter-level travel time spent in this place.
 C = Inter-level travel time spent in this place.
 D = Time resting spent in this place.
 E = Time spent auto-exploring this place.
 F = Levels seen in this place.
 G = Mean time per level.
                   A        B        C        D        E       F      G
               +--------+--------+--------+--------+--------+-----+--------+
         Total |  32680 |  30665 |   2015 |   4416 |  19888 |  25 | 1307.2 |
       Dungeon |  19116 |  18133 |    983 |   1828 |  12722 |  15 | 1274.4 |
          Lair |   7267 |   6701 |    566 |    813 |   4439 |   5 | 1453.4 |
     Snake Pit |   1697 |   1580 |    117 |    622 |    618 |   2 |  848.5 |
  Orcish Mines |   3884 |   3536 |    348 |    935 |   1825 |   2 | 1942.0 |
      Gauntlet |    715 |    715 |      0 |    218 |    283 |   1 |  715.0 |
               +--------+--------+--------+--------+--------+-----+--------+

Top non-repeatable levels by time:
   Orc:2: 2330 daAuts
  Lair:5: 2035 daAuts
    D:14: 1847 daAuts
    D:13: 1821 daAuts
  Lair:3: 1705 daAuts
 Snake:1: 1675 daAuts
     D:8: 1651 daAuts
    D:12: 1643 daAuts
   Orc:1: 1554 daAuts
    D:11: 1488 daAuts
     D:7: 1357 daAuts
     D:9: 1296 daAuts
  Lair:1: 1275 daAuts
    D:10: 1233 daAuts
  Lair:2: 1192 daAuts
